 Dungeon Crawl Stone Soup version 0.25-a0-105-g2289b3b9f1 (webtiles) character file.

Game seed: 14887123760110153404, levelgen mode: deterministic

78 MrRokkomies the Vexing (level 4, 0/45 HPs)
             Began as a Vampire Enchanter on Nov 16, 2019.
             Slain by an orc
             ... wielding a +2 dagger of holy wrath
              (3 damage)
             ... on level 3 of the Dungeon.
             The game lasted 00:04:23 (1322 turns).

MrRokkomies the Vexing (Vampire Enchanter)          Turns: 1322, Time: 00:04:23

Health: 0/45       AC:  4    Str: 12    XL:     4   Next: 15%
Magic:  0/7        EV: 12    Int: 18    God:
Gold:   47         SH:  0    Dex: 14    Spells: 1/7 levels left

rFire    . . .     SeeInvis +   a - +3 short sword (drain)
rCold    . . .     Gourm    .   (no shield)
rNeg     . . .     Faith    .   b - +0 robe
rPois    .         Spirit   .   (no helmet)
rElec    .         Reflect  .   e - +0 cloak
rCorr    .         Harm     .   i - +0 pair of gloves
MR       .....                  (no boots)
Stlth    ..........             (no amulet)
HPRegen  0.35/turn              f - ring of stealth
MPRegen  0.10/turn              (no ring)

@: berserking, very slightly contaminated, regenerating quickly, very quick
A: no food, fangs 3, see invisible, unbreathing
a: Exsanguinate


You were on level 3 of the Dungeon.
You were alive.

You visited 1 branch of the dungeon, and saw 3 of its levels.

You collected 47 gold pieces.

Inventory:

Hand Weapons
 a - a +3 short sword of draining (weapon)
Missiles
 l - 9 poisoned darts (quivered)
Armour
 b - a +0 robe (worn)
 e - a +0 cloak (worn)
 i - a +0 pair of gloves (worn)
Jewellery
 f - a ring of stealth (left hand)
Scrolls
 c - 4 scrolls of remove curse
 h - a scroll of fear
 j - 2 scrolls of teleportation
Potions
 d - a potion of berserk rage
 g - a potion of invisibility {unknown}
 o - a potion of brilliance


   Skills:
 * Level 2.8 Short Blades
 - Level 2.1 Dodging
 + Level 5.2 Stealth
 - Level 2.0 Spellcasting
 * Level 5.8 Hexes


You had one spell level left.
You knew the following spells:

 Your Spells              Type           Power        Failure   Level  Hunger
a - Corona                Hex            ###....      1%          1    N/A
b - Ensorcelled Hibernat  Hex/Ice        ##....       9%          2    N/A
c - Confuse               Hex            ###.....     4%          3    N/A

Your spell library contained the following spells:

 Spells                   Type           Power        Failure   Level  Hunger
 Tukima's Dance           Hex            ###.....     4%          3    N/A
 Dazzling Spray           Conj/Hex       ##....       17%         3    N/A

Dungeon Overview and Level Annotations

Branches:
Dungeon (3/15)

Altars:
Gozag


Innate Abilities, Weirdness & Mutations

You do not eat.
Your natural rate of healing is unusually fast.
You have razor-sharp teeth.
You have supernaturally acute eyesight. (SInv)
You can survive without breathing.


Message History

The orc priest is moderately wounded.
The orc barely misses you.
The orc priest hits you with a +0 trident!
* * * LOW HITPOINT WARNING * * *
Casting: Confuse (safe; 4% risk of failure)
Confirm with . or Enter, or press ? or * to list all spells.
Aiming: Ensorcelled Hibernation (safe; 9% risk of failure)
Press: ? - help, Shift-Dir - straight line, f - orc priest
Aim: an orc priest, wielding a +0 trident (moderately wounded, chance to defeat MR: 43%)
The orc priest resists with some effort.
The orc hits you with a +2 dagger of holy wrath.
* * * LOW HITPOINT WARNING * * *
You convulse.
* * * LOW HITPOINT WARNING * * *
The orc priest hits you with a +0 trident.
* * * LOW HITPOINT WARNING * * *
A red film seems to cover your vision as you go berserk!
You feel yourself moving faster!
You feel mighty!
The orc hits you with a +2 dagger of holy wrath.
You die...

#..+# #≈#
###...# #≈#
.....###≈##
......#≈≈#
##...##≈≈#
#.....#≈≈#
#....##≈#
#..#..#o#
#.##..##@#≈#
#.....##oo.#
#####.###### #.#
#.# #.# #.#
#######.########
................


You could see an orc priest and an orc.

Vanquished Creatures
  2 adders
  A worm (D:2)
  3 dart slugs
  2 leopard geckos
  2 orcs (D:3)
  3 giant cockroaches (D:1)
  2 goblins
  10 hobgoblins
  2 jackals (D:2)
  3 bats
  5 frilled lizards
  9 kobolds
  5 rats
49 creatures vanquished.

Notes
Turn   | Place    | Note
-------+----------+-------------------------------------------
     0 | D:1      | MrRokkomies the Vampire Enchanter began the quest for the
                  | Orb.
     0 | D:1      | Reached XP level 1. HP: 13/13 MP: 3/3
   109 | D:1      | Reached XP level 2. HP: 19/19 MP: 5/5
   275 | D:1      | Reached skill level 5 in Hexes
   552 | D:2      | Reached XP level 3. HP: 24/24 MP: 6/6
   583 | D:2      | Reached skill level 5 in Stealth
   771 | D:2      | Found an opulent altar of Gozag.
  1139 | D:2      | Learned a level 2 spell: Ensorcelled Hibernation
  1143 | D:2      | Learned a level 3 spell: Confuse
  1200 | D:3      | Reached XP level 4. HP: 30/30 MP: 7/7
  1322 | D:3      | Slain by an orc

Levels and vault maps discovered:
D:1:      onia_arrival_mini_spirals, layout_basic
D:2:      layout_loops_cross, nicolae_overflow_hidden_temple,
          chequers_serial_rivers_small_3, minmay_misc_feat_encased
D:3:      layout_loops_corners, nicolae_overflow_crystal_walls,
          elyvilon_altar_5, chequers_serial_rivers_large_b, minmay_rat_hole

Skill      XL: |  1  2  3 |
---------------+----------+-----
Hexes          | 5 |  5.8
Short Blades   | 2 |  2.8
Stealth        | 5 |  5.2
Dodging        | |  2.1
Spellcasting   | |  2.0

Action                   |  1- 3 |  4- 6 || total
-------------------------+-------+-------++-------
Melee: Dagger            |    13 |       ||    13
       Short sword       |    81 |    22 ||   103
       Bite              |     6 |     1 ||     7
 Cast: Confuse           |       |     1 ||     1
       Ensorcelled Hiber |       |     1 ||     1
  Use: Scroll            |     8 |       ||     8
       Potion            |       |     1 ||     1
 Stab: Sleeping          |    15 |     2 ||    17
Armor: Robe              |    20 |       ||    20
Dodge: Dodged            |    56 |     5 ||    61

Table legend:
 A = Non-vault XP
 B = Vault XP
 C = Vault XP percentage of total XP
 D = Non-vault monster count
 E = Vault monster count
 F = Vault count percentage of total count
                 A         B        C        D         E       F
            +---------+---------+-------+---------+---------+-------
      Total |     112 |       0 |   0.0 |      49 |       0 |   0.0
            +---------+---------+-------+---------+---------+-------
        D:1 |      32 |       0 |   0.0 |      19 |       0 |   0.0
        D:2 |      57 |       0 |   0.0 |      24 |       0 |   0.0
        D:3 |      23 |       0 |   0.0 |       6 |       0 |   0.0
            +---------+---------+-------+---------+---------+-------
